 Dungeon Crawl Stone Soup version 0.25.1-2-g60ff931df9 (webtiles) character file.

Game seed: 551670243100456633

299 mashulace the Skirmisher (level 6, -1/48 HPs)
             Began as a Demonspawn Fighter on Nov 15, 2020.
             Was a Follower of Okawaru.
             Slain by an ogre
             ... wielding a +0 giant club
              (19 damage)
             ... on level 4 of the Dungeon.
             The game lasted 00:24:46 (3026 turns).

mashulace the Skirmisher (Demonspawn Fighter)       Turns: 3026, Time: 00:24:46

Health: -1/48      AC:  6    Str: 17    XL:     6   Next: 13%
Magic:  6/6        EV:  7    Int:  9    God:    Okawaru [*.....]
Gold:   211        SH:  9    Dex: 14    Spells: 5/5 levels left

rFire    x x .     SeeInvis .   a - +0 war axe
rCold    + + .     Gourm    .   c - +0 kite shield
rNeg     . . .     Faith    .   b - +0 scale mail
rPois    .         Spirit   .   (no helmet)
rElec    .         Reflect  .   (no cloak)
rCorr    .         Harm     .   (no gloves)
MR       .....                  (no boots)
Stlth    +.........             (no amulet)
HPRegen  0.16/turn              e - ring of ice
MPRegen  0.10/turn              n - ring of ice

@: no status effects
A: powered by death 2, sturdy frame 1
a: Heroism, Renounce Religion


You were on level 4 of the Dungeon.
You worshipped Okawaru.
Okawaru was aware of your devotion.
You were not hungry.

You visited 1 branch of the dungeon, and saw 4 of its levels.

You collected 211 gold pieces.

Inventory:

Hand Weapons
 a - a +0 war axe (weapon)
 v - a +1 dagger of chaos
Missiles
 j - 35 bolts
Armour
 b - a +0 scale mail (worn)
 c - a +0 kite shield (worn)
 u - a +0 scale mail
Jewellery
 e - a ring of ice (left hand)
 g - an uncursed ring of teleportation
 i - an uncursed ring of wizardry
 n - a ring of ice (right hand)
Scrolls
 h - 2 scrolls of teleportation {unknown}
 l - 4 scrolls of identify
 m - a scroll of noise {unknown}
 p - a scroll of amnesia {unknown}
 q - a scroll of enchant armour {unknown}
 t - 2 scrolls of remove curse
Potions
 k - a potion of degeneration
 o - a potion of heal wounds
Comestibles
 d - 7 chunks of flesh
 f - 3 rations


   Skills:
 + Level 3.9 Fighting
 + Level 3.9 Axes
 + Level 3.6 Armour
 + Level 0.2 Stealth
 + Level 3.8 Shields


You had 5 spell levels left.
You didn't know any spells.
Your spell library was empty.

Dungeon Overview and Level Annotations

Branches:
Dungeon (4/15)
 Temple: D:4-7

Altars:
Makhleb
Nemelex Xobeh
Okawaru
Ru
Sif Muna
Xom
Yredelemnul
The Shining One


Innate Abilities, Weirdness & Mutations

You regenerate health from kills.
Your movements are slightly less encumbered by armour. (ER -2)


Message History

The bolt hits the ogre but does no damage.
You block the ogre's attack.
You hit the ogre.
The ogre is moderately wounded.
The ogre closely misses you.
Your shield prevents you from hitting the ogre.
The ogre is moderately wounded.
The ogre hits you with a +0 giant club!
You slash the ogre!
The ogre is heavily wounded.
You block the ogre's attack.
You slash the ogre!
The ogre is almost dead.
The ogre hits you with a +0 giant club!!
You block the ogre's attack.
An ogre is nearby!
Your scale mail prevents you from hitting the ogre.
The ogre is almost dead.
The ogre hits you with a +0 giant club!!
You die...

... ######......###.## ....
#...#............#
.....#####.#.#..###...##..#
...(.'...#.#.....##...#...###
.....##..#.#.#.[.............
##' ##..#.......####.#..###
.###...#.#.#.#.####.#..#
....................>...#
..........O@.....#.###..#
#.#......###.#...........# #
#.##..## #.#.##.#.###..## #.
#..# ##.#.##.#.##....# .
....# ......(......#..# .##.#
###.##.#.####..#
....#####......# ....
#..........##.# ..###
..##...#### .# ..#


You could see an ogre.

Vanquished Creatures
  A phantom (D:4)
  A crimson imp (D:3)
  A jelly (D:3)
  An orc wizard (D:4)
  4 adders
  An ooze (D:3)
  A worm (D:2)
  2 dart slugs
  2 leopard geckos (D:2)
  5 orcs
  7 bats
  2 giant cockroaches
  7 goblins
  7 hobgoblins
  4 jackals (D:4)
  5 kobolds
  A quokka (D:3)
  2 ball pythons
  6 frilled lizards
  6 rats
  A spectral orc (D:3)
67 creatures vanquished.

Notes
Turn   | Place    | Note
-------+----------+-------------------------------------------
     0 | D:1      | mashulace the Demonspawn Fighter began the quest for the
                  | Orb.
     0 | D:1      | Reached XP level 1. HP: 18/18 MP: 1/1
   458 | D:1      | Gained mutation: You regenerate a little health from kills.
                  | [demonic ancestry]
   458 | D:1      | Reached XP level 2. HP: 24/24 MP: 2/2
   874 | D:2      | Found a shimmering blue altar of Sif Muna.
  1182 | D:2      | Reached XP level 3. HP: 17/29 MP: 3/3
  1246 | D:2      | Found a sacrificial altar of Ru.
  1251 | D:2      | Found a glowing golden altar of the Shining One.
  1507 | D:2      | Found an iron altar of Okawaru.
  1514 | D:2      | Became a worshipper of Warmaster Okawaru
  2160 | D:3      | Gained mutation: You regenerate health from kills. [demonic
                  | ancestry]
  2160 | D:3      | Reached XP level 4. HP: 34/35 MP: 4/4
  2488 | D:3      | Found a shimmering altar of Xom.
  2490 | D:3      | Found a burning altar of Makhleb.
  2492 | D:3      | Reached XP level 5. HP: 40/41 MP: 5/5
  2573 | D:3      | Found a basalt altar of Yredelemnul.
  2630 | D:3      | Found a sparkling altar of Nemelex Xobeh.
  2714 | D:4      | Noticed a phantom
  2811 | D:4      | Killed a phantom
  2811 | D:4      | Reached * piety under Okawaru
  2811 | D:4      | Gained mutation: Your movements are slightly less
                  | encumbered by armour. (ER -2) [demonic ancestry]
  2811 | D:4      | Reached XP level 6. HP: 34/48 MP: 6/6
  3026 | D:4      | Slain by an ogre

Illustrated notes

Levels and vault maps discovered:
D:1:      dpeg_arrival_simpleton_c, layout_loops_corners
D:2:      layout_loops_ring, minitemple, overflow_temple_1_default,
          overflow_temple_1_default, skrybe_limestone_x, corexii_hall_statues_i
D:3:      layout_rooms, grunt_temple_overflow_champion_of_chaos,
          yredelemnul_forgotten_temple_becter, first_ration,
          nemelex_dance_club_becter
D:4:      layout_basic, chequers_serial_rivers_micro_c, minmay_misc_feat_chi,
          uniq_menkaure, uniq_ijyb

Skill      XL: |  1  2  3  4 |
---------------+-------------+-----
Axes           | 2 3 |  3.9
Shields        | 3 |  3.8
Armour         | 3 |  3.6
Fighting       | |  3.9
Stealth        | |  0.2

Action                   |  1- 3 |  4- 6 || total
-------------------------+-------+-------++-------
Melee: War axe           |   147 |   140 ||   287
  Use: Scroll            |     2 |       ||     2
       Potion            |     1 |     5 ||     6
  Eat: Chunk             |     1 |     2 ||     3
       Ration            |     1 |     1 ||     2
Armor: Scale mail        |    67 |    80 ||   147
Dodge: Dodged            |    53 |    42 ||    95
Block: Kite shield       |    80 |    62 ||   142
